Match 44680652
Unlisted

Match 44680652
End
Panzergrenadier Squad
250 Light Carrier
Selects Armored Support Battlegroup
Selects Armored Support Battlegroup
Panzergrenadier Squad
Construct Light Support Kompanie
Combat Half-tracks
Fire Support Elements
le.IG 18 Support Gun Team
Flakvierling Half-track
Pak 38 Mechanized Group
Selects Veteran Gunners
2.5-tonne Medical Truck
Panzergrenadier Squad
Veteran Squad Leaders
Construct Panzerarmee Kommand
Panzer III L Medium Tank
Selects Flammpanzer III Medium Tank
2.5-tonne Medical Truck
Selects Salvage Kits
Selects Panzer Storm
Flammpanzer III Medium Tank
Walking Stuka Rocket Launcher
Selects Stuka Dive Bomb
Walking Stuka Rocket Launcher
Pak 38 Mechanized Group
Vehicle Survival Package
Stuka Dive Bomb
Flak 36 Anti-tank Gun Team
Olmak
Riffraffle
KELLATRON
runningDuck
Tatari◑。
12345+5
0
0

Comments sign in to comment!

No comments posted yet!